nht, chaotic female elven Wizard ---------- -------- |....%...| ------ |......| |........| |..%..########-......| ------ #|........| --------- ##.....| #|...?..| |..... ###..^.....$| ...<....| # |..... -------- |....| ###---|------ #|.......-##### ------ |....| # ##### #........| # |.....### % #|.*.....| # |....| #%# --|------ #### |.....# # # ------ ### # # # )## # # # # ------------%-- ----+---# |..........%%K. |......|# |...........K.| |.......# |..........@%.- |......| --------------- -------- nht the Conjurer Experience level: 4 Strength: 9 Dexterity: 12 Constitution: 12 Intelligence: 20 Wisdom: 12 Charisma: 11 Health: 0(22) Energy: 22(49) Def: 1 Gold: 0 Moves: 499 Dungeon seed: wlkL56gPtG0gBv8b Game ID: nht_1433828448 Your Inventory: Weapons a - a blessed +1 quarterstaff (weapon in hands) Armor e - an uncursed +0 cloak of magic resistance (being worn) Comestibles s - an uncursed food ration w - an uncursed tin of newt meat Scrolls k - an uncursed scroll of gold detection y - 2 uncursed scrolls of teleportation z - 2 uncursed scrolls of confuse monster A - an uncursed scroll of create monster B - 4 uncursed scrolls of identify C - 2 uncursed scrolls of enchant weapon D - a blessed scroll of light E - a cursed scroll of identify G - an uncursed scroll of enchant armor I - an uncursed scroll of scare monster Spellbooks m - a blessed spellbook of magic missile n - an uncursed spellbook of charm monster u - a blessed spellbook of detect monsters x - an uncursed spellbook of levitation F - an uncursed spellbook of extra healing H - an uncursed spellbook of force bolt Potions g - an uncursed potion of gain ability h - an uncursed potion of paralysis r - a cursed potion of paralysis J - a potion of unholy water Rings c - an uncursed ring of teleportation d - an uncursed ring of slow digestion Wands b - a wand of sleep (0:8) Tools o - a magic marker (0:25) p - an uncursed wooden flute t - an uncursed blindfold Gems q - 2 uncursed opals Spells known in the end: Name Level Category Fail Memory a - force bolt 1 attack 0% 98% b - magic missile 2 attack 0% 98% c - charm monster 3 enchantment 0% 98% d - detect monsters 1 divination 0% 99% Your skills at the end: Fighting Skills Weapon Skills quarterstaff [Basic] Spellcasting Skills attack spells [Basic] enchantment spells [Basic] Final Attributes: You were piously aligned. You were sleep resistant. You were magic-protected. You were telepathic. You had infravision. You are dead. Vanquished creatures: a Kop Kaptain a floating eye 2 Kop Sergeants an iguana an acid blob 9 Keystone Kops 6 jackals a fox 2 goblins 2 grid bugs a lichen 3 newts 30 creatures vanquished. Voluntary challenges: You were an atheist. You used a wielded weapon 19 times, starting on turn 114. You read items or engraved 6 times, starting on turn 131. You never genocided any monsters. You never polymorphed an object. You never changed form. You used no wishes. You never split a pudding. You wrote Elbereth's name 1 time, starting on turn 483. You never violated your personal moral code. You disabled loading bones files. Dungeon overview: The Dungeons of Doom: levels 1 to 5 Level 1 a long staircase Level 2 Level 3 (armour) an armor shop, a sink Level 4 Level 5 <- You were here a scroll shop History has recorded: On T:1 you entered the Dungeons of Doom to retrieve the Amulet of Yendor! On T:129 you reached level 2 of The Dungeons of Doom. On T:208 you advanced to experience level 2. On T:292 you reached level 3 of The Dungeons of Doom. On T:310 you reached level 5 of The Dungeons of Doom. On T:366 you reached level 4 of The Dungeons of Doom. On T:469 you advanced to experience level 3. On T:482 you advanced to experience level 4. Score breakdown: Gold: 0 ( 0 points) Experience: 4 levels ( 9649 points) Exploration: 5 levels ( 10.00%) ( 8571 points) Discoveries: 3 items ( 1.09%) ( 3127 points) Valuables value: (no points given unless you survive) Artifact value: 0 ( 0 points) Variety of kills: 12 monsters ( 3.17%) ( 5338 points) Time penalty: 499 turns ( 0 points) Survival: died (score multiplied by 80%) Total score: 21348 Latest messages: y - an uncursed scroll of teleportation (unpaid, 100 zorkmids). "For you, most gracious lady; only 400 for this pink spellbook." x - a pink spellbook (unpaid, 400 zorkmids). "For you, honored lady; only 300 for this spellbook of charm monster." n - an uncursed spellbook of charm monster (unpaid, 300 zorkmids). "For you, esteemed lady; only 100 for this spellbook of detect monsters." u - a blessed spellbook of detect monsters (unpaid, 100 zorkmids). "For you, good lady; only 200 for this spellbook of magic missile." m - a blessed spellbook of magic missile (unpaid, 200 zorkmids). You sold a pink spellbook for 200 gold pieces. You hit the Kop Lieutenant! The Kop Lieutenant swings his club. The Kop Lieutenant hits! You die... Sneem comes and takes all your possessions. Final status: Goodbye nht the Wizard, killed by a Kop Lieutenant... You died in The Dungeons of Doom on dungeon level 5 with 21348 points, and 0 pieces of gold, after 499 moves. You were level 4 with a maximum of 22 hit points when you died.